[Event "42nd Olympiad Baku 2016 Women"]
[Site "Baku"]
[Date "2016.09.04"]
[Round "3.13"]
[White "Shahudha, Mohammed"]
[Black "Begum, Ghazala"]
[Result "0-1"]
[ECO "B20"]
[WhiteElo "1022"]
[BlackElo "1668"]
[Annotator ""]
[PlyCount "174"]
[EventDate "2016.??.??"]
[EventCountry "AZE"]
[SourceTitle "playchess.com"]
[Source "ChessBase"]
[WhiteTeam "Maldives"]
[BlackTeam "Pakistan"]
[WhiteTeamCountry "MDV"]
[BlackTeamCountry "PAK"]
[TimeControl "40/5400+30:1800+30"]

1. e4 {(00:00)} c5 {(00:00)} 2. d4 {(00:00)} cxd4 {
(00:00)} 3. Qxd4 {(00:00)} Nc6 {(00:00)} 4. Qd1 {(
00:06)} Nf6 {(00:19)} 5. Nc3 {(00:13)} g6 {(00:29)} 6. Bc4
{(01:32)} e6 {(00:45)} 7. Bg5 {(01:25)} Bg7 {(01:
43)} 8. Nf3 {(02:50)} Qc7 {(00:10)} 9. O-O {(02:14)} a6 {
(00:05)} 10. Qd2 {(01:53)} O-O {(00:26)} 11. Rae1 {
(01:26)} b5 {(00:40)} 12. Bd3 {(02:18)} Ng4 {(03:
13)} 13. g3 {(02:02)} Nge5 {(00:24)} 14. Be2 {(03:29)} Bb7
{(01:12)} 15. Bf4 {(03:42)} Nxf3+ {(02:42)} 16. Bxf3 {
(00:23)} Ne5 {(00:25)} 17. Bxe5 {(01:13)} Bxe5 {(
00:12)} 18. Re3 {(04:51)} Rac8 {(01:54)} 19. Rb1 {(04:34)}
Rfd8 {(02:31)} 20. Ne2 {(04:35)} Qxc2 {(00:54)} 21. Qe1 {
(01:37)} Bxb2 {(01:46)} 22. a3 {(09:37)} d5 {(01:
32)} 23. Rd1 {(04:49)} d4 {(00:40)} 24. Red3 {(01:17)} Qc5
{(02:57)} 25. Qb4 {(05:41)} Bxa3 {(01:22)} 26. Qxa3 {
(00:24)} e5 {(00:40)} 27. Qxc5 {(02:07)} Rxc5 {(00:
03)} 28. Rc1 {(00:23)} Rc4 {(00:27)} 29. Rxc4 {(02:52)}
bxc4 {(00:02)} 30. Ra3 {(02:13)} Rd6 {(00:32)} 31. Bg2 {
(02:04)} Rb6 {(00:03)} 32. f4 {(01:20)} f6 {(00:17]
} 33. fxe5 {(01:34)} fxe5 {(00:02)} 34. Kf2 {(05:17)} Rb2
{(00:05)} 35. Kf3 {(04:07)} d3 {(03:54)} 36. Nc3 {(
01:14)} Bc8 {(01:19)} 37. Ra4 {(04:17)} Be6 {(00:24)} 38.
Rxa6 {(00:53)} Bf7 {(00:20)} 39. Rc6 {(02:26)} Rb3 {
(00:07)} 40. Nd5 {(00:00)} d2+ {(00:00)} 41. Ke2 {(
02:08)} Bxd5 {(03:51)} 42. exd5 {(00:31)} Rd3 {(00:04)}
43. Kd1 {(00:54)} c3 {(00:06)} 44. Be4 {(02:32)} Re3 {
(00:07)} 45. Rxc3 {(10:23)} Rxc3 {(00:04)} 46. Kxd2 {
(00:10)} Rc4 {(00:17)} 47. Ke3 {(02:12)} Rd4 {(00:
07)} 48. h4 {(00:31)} Kg7 {(00:03)} 49. Bf3 {(01:08)} h6 {
(00:25)} 50. Be4 {(02:11)} Kf6 {(00:11)} 51. g4 {(
00:32)} g5 {(00:18)} 52. h5 {(00:13)} Ke7 {(00:37)} 53.
Bf3 {(00:28)} Kd6 {(00:05)} 54. Be4 {(00:12)} Rd1 {
(01:14)} 55. Ke2 {(01:51)} Ra1 {(00:51)} 56. Ke3 {(
00:12)} Ra3+ {(00:05)} 57. Ke2 {(00:26)} Kc5 {(00:54)} 58.
Bf3 {(00:33)} Ra4 {(01:30)} 59. Kd3 {(00:42)} Rd4+ {
(00:52)} 60. Ke3 {(00:18)} Kc4 {(00:05)} 61. Be4 {(
00:19)} Kc3 {(00:55)} 62. Bf3 {(00:26)} Kb4 {(00:20)} 63.
Be4 {(00:30)} Kc5 {(00:28)} 64. Bf3 {(00:14)} Kd6 {
(00:04)} 65. Be4 {(00:08)} Ra4 {(00:30)} 66. Bf3 {(
00:25)} Rd4 {(00:05)} 67. Be4 {(00:08)} Rxd5 {(00:17)} 68.
Bxd5 {(00:52)} Kxd5 {(00:01)} 69. Kd3 {(02:30)} e4+ {
(00:28)} 70. Ke3 {(00:10)} Ke5 {(00:04)} 71. Ke2 {(
00:12)} Kf4 {(00:50)} 72. Kf2 {(00:19)} e3+ {(00:29)} 73.
Ke2 {(00:17)} Ke4 {(00:02)} 74. Kf1 {(00:19)} Kf3 {
(00:05)} 75. Ke1 {(00:13)} e2 {(00:15)} 76. Kd2 {(
00:27)} Kf2 {(00:01)} 77. Kd3 {(00:16)} e1=Q {(01:15)} 78.
Kd4 {(00:07)} Kf3 {(00:04)} 79. Kd5 {(00:10)} Kxg4 {
(00:44)} 80. Kd4 {(00:15)} Kxh5 {(00:11)} 81. Kd3 {
(00:07)} g4 {(00:02)} 82. Kc2 {(00:19)} Qe3 {(00:
21)} 83. Kb2 {(00:51)} g3 {(00:13)} 84. Kc2 {(00:04)} g2 {
(00:20)} 85. Kb2 {(00:17)} g1=Q {(00:42)} 86. Kc2 {
(00:03)} Qg2+ 87. Kd1 Qed2# {(00:58)} 0-1

[Event "42nd Olympiad Baku 2016 Women"]
[Site "Baku"]
[Date "2016.09.04"]
[Round "3.19"]
[White "Shibata, Misaki"]
[Black "Faqeeh, Aseel"]
[Result "1-0"]
[ECO "E81"]
[WhiteElo "1638"]
[BlackElo "1488"]
[Annotator ""]
[PlyCount "65"]
[EventDate "2016.??.??"]
[EventCountry "AZE"]
[SourceTitle "playchess.com"]
[Source "ChessBase"]
[WhiteTeam "Japan"]
[BlackTeam "Palestine"]
[WhiteTeamCountry "JPN"]
[BlackTeamCountry "PLE"]
[TimeControl "40/5400+30:1800+30"]

1. d4 {(00:00)} Nf6 {(00:00)} 2. c4 {(00:00)} g6 {(
00:00)} 3. Nc3 {(00:00)} Bg7 {(00:00)} 4. e4 {(00:00)} d6
{(00:23)} 5. f3 {(00:00)} O-O {(00:50)} 6. Be3 {(
00:09)} Re8 {(01:11)} 7. Bd3 {(01:24)} Nfd7 {(02:33)} 8.
Nge2 {(00:48)} e5 {(01:31)} 9. d5 {(05:44)} b6 {(
04:00)} 10. Qd2 {(03:34)} a5 {(01:55)} 11. h4 {(05:07)}
Nf6 {(02:13)} 12. O-O-O {(00:59)} Bd7 {(02:28)} 13. g4 {
(08:39)} Bxg4 {(06:02)} 14. fxg4 {(09:35)} Nxg4 {(
00:43)} 15. Rdg1 {(15:14)} h5 {(02:36)} 16. Kb1 {(01:14)}
Na6 {(02:51)} 17. Nc1 {(06:43)} Qd7 {(11:17)} 18. Be2 {
(08:24)} f5 {(05:57)} 19. Bg5 {(05:47)} Nc5 {(08:
12)} 20. Bf3 {(02:54)} Kh7 {(05:15)} 21. Qg2 {(02:02)} Rf8
{(06:18)} 22. Be2 {(02:46)} Nf6 {(07:50)} 23. Bf3 {
(03:20)} f4 {(05:11)} 24. Qe2 {(02:29)} c6 {(02:31]
} 25. dxc6 {(03:27)} Qxc6 {(00:21)} 26. Rd1 {(00:36)} Rfb8
{(01:52)} 27. Rhg1 {(01:29)} Ne8 {(00:31)} 28. Nb5 {
(01:21)} Bf8 {(02:17)} 29. Qg2 {(02:00)} Rb7 {(03:
30)} 30. Bxf4 {(01:28)} Nf6 {(05:54)} 31. Be3 {(02:53)}
Ncxe4 {(03:48)} 32. Bxe4 {(01:23)} Nxe4 {(00:29)} 33.
Qxg6+ {(00:18)} 1-0

[Event "42nd Olympiad Baku 2016 Women"]
[Site "Baku"]
[Date "2016.09.04"]
[Round "3.16"]
[White "Siew, Kai Xin"]
[Black "Rojas, Montserrat"]
[Result "1-0"]
[ECO "E87"]
[WhiteElo "1607"]
[BlackElo "1561"]
[Annotator ""]
[PlyCount "101"]
[EventDate "2016.??.??"]
[EventCountry "AZE"]
[SourceTitle "playchess.com"]
[Source "ChessBase"]
[WhiteTeam "Singapore"]
[BlackTeam "Paraguay"]
[WhiteTeamCountry "SIN"]
[BlackTeamCountry "PAR"]
[TimeControl "40/5400+30:1800+30"]

1. d4 {(00:00)} Nf6 {(00:00)} 2. c4 {(00:00)} g6 {(
00:02)} 3. Nc3 {(00:00)} Bg7 {(00:13)} 4. e4 {(00:00)} d6
{(00:18)} 5. f3 {(00:00)} O-O {(00:44)} 6. Be3 {(
00:00)} e5 {(08:20)} 7. d5 {(00:04)} Nh5 {(09:41)} 8. Nge2
{(11:47)} f5 {(03:57)} 9. Qd2 {(01:13)} f4 {(01:12]
} 10. Bf2 {(00:06)} Nd7 {(14:08)} 11. O-O-O {(12:00)} b6 {
(01:58)} 12. Kb1 {(02:41)} a5 {(01:31)} 13. Nb5 {(
06:29)} Nc5 {(02:33)} 14. Nec3 {(00:59)} Bd7 {(03:30)} 15.
Be2 {(05:22)} Qc8 {(03:52)} 16. g4 {(14:54)} Nf6 {(
03:11)} 17. h4 {(07:13)} h5 {(02:01)} 18. gxh5 {(00:36)}
Nxh5 {(00:39)} 19. Rdg1 {(00:05)} Kh7 {(00:37)} 20. Rh2 {
(06:45)} Bh6 {(02:50)} 21. Bf1 {(00:43)} Rg8 {(06:
17)} 22. Qd1 {(02:19)} Rg7 {(07:52)} 23. Rgh1 {(01:12)}
Qb7 {(05:43)} 24. Bh3 {(00:49)} Bxh3 {(00:22)} 25. Rxh3 {
(00:08)} Qa6 {(10:17)} 26. Ne2 {(05:01)} a4 {(02:
16)} 27. R3h2 {(08:22)} Nf6 {(05:17)} 28. Rg2 {(01:51)}
Ne8 {(01:00)} 29. Na3 {(02:24)} Qb7 {(00:41)} 30. Nc3 {
(01:49)} Qa6 {(03:14)} 31. Rhg1 {(01:16)} Qa5 {(00:
37)} 32. Be1 {(01:25)} Qa6 {(00:14)} 33. Qc2 {(00:44)} Nf6
{(00:43)} 34. Nab5 {(01:31)} Qb7 {(00:34)} 35. Bf2 {
(02:56)} Nfd7 {(00:32)} 36. Ne2 {(00:32)} Qa6 {(00:
30)} 37. Nxc7 {(00:20)} Qa7 {(00:01)} 38. Nxa8 {(00:10)}
Qxa8 {(00:01)} 39. Nc3 {(00:52)} Nf8 {(00:19)} 40. Bxc5 {
(00:00)} bxc5 {(00:00)} 41. Qxa4 {(01:36)} Ra7 {(
00:53)} 42. Qc6 {(00:18)} Qd8 {(07:16)} 43. Nb5 {(02:16)}
Rd7 {(00:00)} 44. Rg4 {(07:02)} Kg7 {(02:26)} 45. a3 {
(01:35)} Kf7 {(01:04)} 46. Kc2 {(04:59)} Ke7 {(02:
40)} 47. a4 {(04:06)} Qa5 {(01:08)} 48. b3 {(00:23)} Rd8 {
(15:31)} 49. Qc7+ {(00:22)} Qxc7 {(00:00)} 50. Nxc7 {
(00:07)} Kf7 {(00:54)} 51. Ne6 1-0

[Event "42nd Olympiad Baku 2016 Women"]
[Site "Baku"]
[Date "2016.09.04"]
[Round "3.28"]
[White "Sikorova, Olga"]
[Black "Jorge, Rita Maria Osorio"]
[Result "1-0"]
[ECO "A20"]
[WhiteElo "2234"]
[BlackElo "1791"]
[Annotator ""]
[PlyCount "73"]
[EventDate "2016.??.??"]
[EventCountry "AZE"]
[SourceTitle "playchess.com"]
[Source "ChessBase"]
[WhiteTeam "Czech Republic"]
[BlackTeam "Portugal"]
[WhiteTeamCountry "CZE"]
[BlackTeamCountry "POR"]
[TimeControl "40/5400+30:1800+30"]

1. c4 {(00:38)} e5 {(02:21)} 2. b3 {(02:40)} Nc6 {(
02:34)} 3. Bb2 {(01:28)} Nf6 4. g3 d5 {(07:36)} 5. Bg2 {(
02:18)} d4 {(07:47)} 6. d3 {(02:39)} Be6 {(07:53)} 7. Nf3
{(01:36)} Nd7 {(06:27)} 8. O-O {(04:15)} Nc5 {(07:
03)} 9. b4 {(04:03)} Nxb4 {(05:17)} 10. Nxe5 {(00:36)} f6
{(04:06)} 11. Nf3 {(03:49)} Nc6 {(01:26)} 12. Na3 {
(00:48)} Bg4 {(13:04)} 13. Nc2 {(03:38)} Ne6 {(05:
13)} 14. e3 {(06:13)} Bc5 {(11:41)} 15. exd4 {(00:57)}
Ncxd4 {(01:37)} 16. Ncxd4 {(05:17)} Bxd4 {(02:00)} 17.
Nxd4 {(15:21)} Bxd1 {(04:58)} 18. Nxe6 {(00:13)} Qd6 {
(02:25)} 19. Raxd1 {(05:57)} Kf7 {(04:30)} 20. Nf4 {
(05:44)} c6 {(00:36)} 21. d4 {(05:57)} g5 {(01:05)}
22. c5 {(04:29)} Qc7 {(00:22)} 23. Ne2 {(00:50)} Rhe8 {
(00:37)} 24. Nc3 {(00:04)} f5 {(00:11)} 25. d5 {(
01:16)} cxd5 {(00:25)} 26. Nb5 {(02:37)} Qxc5 {(00:55)}
27. Rxd5 {(00:28)} Qc2 {(00:22)} 28. Ba1 {(02:43)} Red8 {
(00:36)} 29. Nd6+ {(04:32)} Kg6 {(00:29)} 30. g4 {(
00:14)} Qc7 {(00:38)} 31. gxf5+ {(02:31)} Kh6 {(00:03)}
32. Be5 {(00:56)} Qe7 {(00:41)} 33. Rfd1 {(01:13)} Rf8 {
(00:31)} 34. Be4 {(01:37)} a5 {(00:57)} 35. f6 {(
00:44)} Qe6 {(00:02)} 36. Nf5+ {(00:24)} Kh5 {(00:29)} 37.
Ng7+ {(00:12)} 1-0

[Event "42nd Olympiad Baku 2016 Women"]
[Site "Baku"]
[Date "2016.09.04"]
[Round "3.27"]
[White "Silva, Mariana Sofia T"]
[Black "Olsarova, Karolina"]
[Result "1/2-1/2"]
[ECO "B43"]
[WhiteElo "1789"]
[BlackElo "2255"]
[Annotator ""]
[PlyCount "142"]
[EventDate "2016.??.??"]
[EventCountry "AZE"]
[SourceTitle "playchess.com"]
[Source "ChessBase"]
[WhiteTeam "Portugal"]
[BlackTeam "Czech Republic"]
[WhiteTeamCountry "POR"]
[BlackTeamCountry "CZE"]
[TimeControl "40/5400+30:1800+30"]

1. e4 {(00:00)} c5 {(00:00)} 2. Nf3 {(00:00)} e6 {(
00:00)} 3. d4 {(00:00)} cxd4 {(00:00)} 4. Nxd4 {(00:00)}
a6 {(00:00)} 5. Nc3 {(00:37)} Qc7 {(00:03)} 6. Bd3 {
(03:16)} Nc6 {(00:57)} 7. Nxc6 {(04:16)} bxc6 {(00:
20)} 8. O-O {(01:32)} Nf6 {(00:33)} 9. Qe2 {(06:16)} Bd6 {
(01:02)} 10. h3 {(09:23)} Bb7 {(02:08)} 11. b3 {(
09:13)} Be5 {(11:46)} 12. Bb2 {(00:23)} h5 {(01:03)} 13.
Rae1 {(08:11)} h4 {(08:24)} 14. Na4 {(07:29)} Bxb2 {
(21:53)} 15. Nxb2 {(00:09)} e5 {(00:09)} 16. Nc4 {(
05:29)} Nh5 {(07:19)} 17. Qd2 {(03:57)} Nf4 {(07:56)} 18.
Qa5 {(02:17)} Qxa5 {(00:57)} 19. Nxa5 {(00:31)} O-O-O {
(05:24)} 20. Be2 {(10:09)} Kc7 {(03:47)} 21. Bg4 {(
02:00)} f6 {(03:06)} 22. Rd1 {(06:48)} Ba8 {(01:14)} 23.
Bf3 {(05:38)} Ne6 {(03:51)} 24. c3 {(04:31)} Ng5 {(
03:09)} 25. b4 {(02:14)} c5 {(08:06)} 26. bxc5 {(02:57)}
Bxe4 {(02:13)} 27. Be2 {(00:58)} Ne6 {(01:18)} 28. Nb3 {
(01:56)} Nf4 {(02:19)} 29. Bf3 {(02:11)} Bxf3 {(01:
02)} 30. gxf3 {(00:06)} Nxh3+ {(00:08)} 31. Kh2 {(00:07)}
Ng5 {(00:25)} 32. Rd3 {(00:25)} Rhe8 {(02:45)} 33. Na5 {
(01:37)} e4 {(01:23)} 34. fxe4 {(00:10)} Nxe4 {(00:
02)} 35. Nb3 {(01:03)} Re5 {(00:41)} 36. Rh3 {(00:53)}
Nxc5 {(01:07)} 37. Rxh4 {(00:29)} Nxb3 {(01:05)} 38. axb3
{(00:01)} Rb8 {(00:17)} 39. Rc4+ {(00:35)} Kd8 {(
00:44)} 40. b4 {(00:00)} Ke7 {(00:00)} 41. Kg2 {(05:24)}
Rbb5 {(07:39)} 42. Rd1 {(02:57)} Rbd5 {(03:27)} 43. Rxd5 {
(02:44)} Rxd5 {(00:02)} 44. Re4+ {(00:43)} Re5 {(
00:32)} 45. Rc4 {(01:47)} g5 {(01:05)} 46. Rc8 {(01:37)}
Re6 {(00:33)} 47. Rc4 {(02:01)} f5 {(02:23)} 48. Rc5 {
(02:16)} Rf6 {(03:08)} 49. Re5+ {(00:59)} Kd6 {(01:
29)} 50. Ra5 {(00:29)} Kc7 {(00:06)} 51. Rc5+ {(00:29)}
Kb6 {(00:08)} 52. Rd5 {(00:33)} Rf7 {(03:11)} 53. c4 {
(01:16)} Kb7 {(01:37)} 54. Rd6 {(00:17)} g4 {(02:
10)} 55. Kg3 {(02:37)} Rh7 {(04:54)} 56. Kf4 {(01:40)} Rh2
{(03:39)} 57. Kxf5 {(02:39)} Rxf2+ {(00:06)} 58. Kxg4 {
(00:07)} Kc7 {(02:09)} 59. Rxa6 {(00:34)} Rc2 {(00:
06)} 60. Ra7+ {(00:57)} Kc8 {(00:16)} 61. c5 {(02:35)}
Rc4+ {(00:13)} 62. Kf5 {(00:20)} Rxb4 {(00:12)} 63. Ke5 {
(00:34)} Rc4 {(00:31)} 64. Kd5 {(01:44)} Rc1 {(00:
07)} 65. Ra2 {(01:45)} Rd1+ {(00:20)} 66. Kc4 {(00:14)}
Kb7 {(00:16)} 67. Rb2+ {(00:20)} Kc6 {(00:25)} 68. Rb6+ {
(00:24)} Kc7 {(00:02)} 69. Rh6 {(00:12)} Rc1+ {(00:
32)} 70. Kd5 {(00:15)} Rg1 {(00:24)} 71. Kd4 {(01:00)}
Rg4+ {(01:02)} 1/2-1/2

[Event "42nd Olympiad Baku 2016 Women"]
[Site "Baku"]
[Date "2016.09.04"]
[Round "3.17"]
[White "Silva Rosas, Natalia"]
[Black "Shamima, Akter Liza"]
[Result "0-1"]
[ECO "B23"]
[WhiteElo "1812"]
[BlackElo "2129"]
[Annotator ""]
[PlyCount "74"]
[EventDate "2016.??.??"]
[EventCountry "AZE"]
[SourceTitle "playchess.com"]
[Source "ChessBase"]
[WhiteTeam "Uruguay"]
[BlackTeam "Bangladesh"]
[WhiteTeamCountry "URU"]
[BlackTeamCountry "BAN"]
[TimeControl "40/5400+30:1800+30"]

1. e4 {(00:00)} c5 {(00:00)} 2. Nc3 {(00:00)} e6 {(
02:02)} 3. g3 {(00:37)} Nc6 {(00:49)} 4. Bg2 {(00:16)} g6
{(00:15)} 5. f4 {(01:59)} d6 {(00:56)} 6. Nf3 {(02:
10)} Bg7 {(00:12)} 7. d3 {(00:43)} Nge7 {(04:13)} 8. O-O {
(00:29)} d5 {(00:43)} 9. exd5 {(02:05)} exd5 {(00:
59)} 10. h3 {(00:39)} h5 {(01:23)} 11. Re1 {(06:04)} O-O {
(02:01)} 12. Ne5 {(04:22)} Be6 {(06:53)} 13. Nxg6 {
(15:13)} Nxg6 {(16:41)} 14. Qxh5 {(00:09)} Nd4 {(
25:25)} 15. f5 {(11:42)} Nxf5 {(10:26)} 16. Rxe6 {(08:19)}
fxe6 {(05:41)} 17. Qxg6 {(01:13)} Qf6 {(00:27)} 18. Qg4 {
(00:42)} Qd4+ {(02:10)} 19. Qxd4 {(03:17)} Bxd4+ {(
00:46)} 20. Kh2 {(00:21)} Be5 {(03:44)} 21. Ne2 {(01:51)}
Rf7 {(05:22)} 22. c3 {(01:59)} Nxg3 {(01:56)} 23. Nxg3 {
(01:07)} Rg7 {(00:07)} 24. Kh1 {(00:43)} Rxg3 {(00:
15)} 25. d4 {(02:39)} cxd4 {(01:09)} 26. cxd4 {(00:06)}
Bd6 {(00:29)} 27. Bd2 {(03:35)} Rc8 {(01:21)} 28. Bc3 {
(00:42)} Rf8 {(01:34)} 29. Rg1 {(01:18)} Rf7 {(01:
31)} 30. Be1 {(01:51)} Rg6 {(00:28)} 31. Bc3 {(01:14)}
Rfg7 {(02:06)} 32. a3 {(00:32)} Rf6 {(01:58)} 33. Be1 {
(00:09)} Rf4 {(00:28)} 34. Bc3 {(00:42)} Rf2 {(00:
14)} 35. a4 {(03:31)} Kh7 {(01:03)} 36. a5 {(01:12)} Re2 {
(00:53)} 37. b4 {(06:01)} Rg3 {(00:18)} 0-1

[Event "42nd Olympiad Baku 2016 Women"]
[Site "Baku"]
[Date "2016.09.04"]
[Round "3.28"]
[White "Sivarajasingam, Venetia"]
[Black "Razan, Alshaeby"]
[Result "0-1"]
[ECO "B08"]
[WhiteElo "1631"]
[BlackElo "1896"]
[Annotator ""]
[PlyCount "88"]
[EventDate "2016.??.??"]
[EventCountry "AZE"]
[SourceTitle "playchess.com"]
[Source "ChessBase"]
[WhiteTeam "Wales"]
[BlackTeam "Jordan"]
[WhiteTeamCountry "WLS"]
[BlackTeamCountry "JOR"]
[TimeControl "40/5400+30:1800+30"]

1. e4 {(00:00)} g6 {(00:00)} 2. Nf3 {(00:00)} Bg7 {
(00:00)} 3. d4 {(00:00)} Nf6 {(01:02)} 4. Nc3 {(01:
08)} d6 {(00:12)} 5. Be2 {(03:24)} Nbd7 {(00:24)} 6. h3 {
(01:37)} O-O {(00:32)} 7. Be3 {(00:20)} b6 {(00:49]
} 8. g4 {(02:49)} Bb7 {(00:52)} 9. Bd3 {(00:40)} e5 {
(04:20)} 10. d5 {(01:10)} Nc5 {(03:35)} 11. Qd2 {(
01:59)} c6 {(09:50)} 12. dxc6 {(15:32)} Bxc6 {(00:19)} 13.
Bg5 {(01:32)} Qd7 {(08:15)} 14. Bxf6 {(02:28)} Bxf6 {
(00:06)} 15. Nh2 {(02:05)} Qb7 {(03:34)} 16. f3 {(
05:23)} Bh4+ {(01:10)} 17. Ke2 {(01:00)} Ne6 {(01:24)} 18.
Raf1 {(08:48)} Bg5 {(03:50)} 19. Qe1 {(00:38)} Nf4+ {
(00:30)} 20. Kd1 {(01:35)} Nxh3 {(02:10)} 21. Qg3 {
(04:13)} Nf4 {(00:11)} 22. Rf2 {(02:46)} b5 {(04:
10)} 23. Nf1 {(05:06)} b4 {(00:18)} 24. Ne2 {(01:13)} Nxd3
{(01:22)} 25. cxd3 {(00:21)} Qa6 {(01:47)} 26. f4 {
(09:57)} exf4 {(00:32)} 27. Qh3 {(01:44)} h6 {(02:
32)} 28. Ng1 {(04:27)} Qxa2 {(06:17)} 29. Nf3 {(01:10)}
Ba4+ {(03:33)} 30. Ke2 {(01:42)} Qxb2+ {(01:17)} 31. N1d2
{(00:11)} Kg7 {(04:45)} 32. Nxg5 {(01:50)} hxg5 {(
00:27)} 33. Qh6+ {(07:21)} Kf6 {(00:14)} 34. Rh5 {(02:35)}
Ke7 {(03:15)} 35. Qxg5+ {(00:36)} Qf6 {(01:45)} 36. Rxf4 {
(01:34)} Qxg5 {(00:17)} 37. Rxg5 {(00:04)} a5 {(03:
01)} 38. Nc4 {(02:55)} Bc2 {(03:12)} 39. Nxa5 {(05:39)} b3
{(01:57)} 40. Rb5 {(00:00)} Rxa5 {(00:00)} 41. Rxa5 {
(01:05)} b2 {(00:25)} 42. Rb5 {(00:07)} b1=Q {(00:
13)} 43. Rxb1 {(00:12)} Bxb1 {(00:06)} 44. Rf1 {(00:28)}
Rb8 {(00:37)} 0-1

[Event "42nd Olympiad Baku 2016 Women"]
[Site "Baku"]
[Date "2016.09.04"]
[Round "3.8"]
[White "Smith, Melisha"]
[Black "Lkhamsuren, Uuganbayar"]
[Result "0-1"]
[ECO "E32"]
[WhiteElo "1719"]
[BlackElo "2147"]
[Annotator ""]
[PlyCount "74"]
[EventDate "2016.??.??"]
[EventCountry "AZE"]
[SourceTitle "playchess.com"]
[Source "ChessBase"]
[WhiteTeam "Jamaica"]
[BlackTeam "Mongolia"]
[WhiteTeamCountry "JAM"]
[BlackTeamCountry "MGL"]
[TimeControl "40/5400+30:1800+30"]

1. d4 {(00:00)} Nf6 {(00:00)} 2. c4 {(00:00)} e6 {(
00:00)} 3. Nc3 {(00:10)} Bb4 {(00:00)} 4. Qc2 {(00:10)}
O-O {(00:12)} 5. Bg5 {(00:17)} c5 {(01:20)} 6. d5 {
(06:24)} exd5 {(08:29)} 7. cxd5 {(00:10)} d6 {(01:
18)} 8. e4 {(04:23)} Re8 {(03:14)} 9. Bd3 {(11:24)} a6 {
(30:22)} 10. Nf3 {(06:38)} Bg4 {(05:54)} 11. Nd2 {(
00:45)} b5 {(02:30)} 12. O-O {(04:53)} c4 {(04:15)} 13.
Be2 {(01:34)} Bxe2 {(00:57)} 14. Nxe2 {(02:56)} Bxd2 {
(00:40)} 15. Qxd2 {(01:30)} Nxe4 {(02:26)} 16. Bxd8 {
(11:09)} Nxd2 {(00:10)} 17. Rfe1 {(01:59)} Rxd8 {(
00:24)} 18. Nc3 {(01:50)} b4 {(00:32)} 19. Na4 {(00:19)}
Nd7 {(00:41)} 20. Re2 {(01:02)} c3 {(00:45)} 21. bxc3 {
(00:31)} bxc3 {(00:16)} 22. Nxc3 {(00:22)} Rac8 {(
02:42)} 23. Na4 {(07:27)} Rc2 {(03:04)} 24. Rae1 {(01:14)}
g6 {(03:26)} 25. Re8+ {(02:09)} Rxe8 {(00:05)} 26. Rxe8+ {
(00:06)} Kg7 {(00:10)} 27. g3 {(02:16)} Rxa2 {(02:
29)} 28. Rd8 {(02:45)} Rxa4 {(04:19)} 29. Rxd7 {(00:22)}
Nc4 {(00:14)} 30. Rc7 {(02:02)} Ne5 {(02:48)} 31. f4 {
(02:47)} Ra1+ {(01:31)} 32. Kg2 {(00:50)} Ra2+ {(
00:09)} 33. Kf1 {(00:48)} Ng4 {(01:37)} 34. Rd7 {(04:16)}
Ne3+ {(02:28)} 35. Kg1 {(01:34)} Rg2+ {(00:04)} 36. Kh1 {
(05:38)} Rd2 {(00:06)} 37. Kg1 {(00:14)} Rxd5 0-1

[Event "42nd Olympiad Baku 2016 Women"]
[Site "Baku"]
[Date "2016.09.04"]
[Round "3.13"]
[White "Socko, Monika"]
[Black "Mamedjarova, Zeinab"]
[Result "0-1"]
[ECO "C42"]
[WhiteElo "2437"]
[BlackElo "2295"]
[Annotator ""]
[PlyCount "126"]
[EventDate "2016.??.??"]
[EventCountry "AZE"]
[SourceTitle "playchess.com"]
[Source "ChessBase"]
[WhiteTeam "Poland"]
[BlackTeam "Azerbaijan"]
[WhiteTeamCountry "POL"]
[BlackTeamCountry "AZE"]
[TimeControl "40/5400+30:1800+30"]

1. e4 {(00:00)} e5 {(00:00)} 2. Nf3 {(00:00)} Nf6 {
(00:04)} 3. Nxe5 {(00:00)} d6 {(00:05)} 4. Nf3 {(
00:00)} Nxe4 {(00:05)} 5. Nc3 {(00:00)} Nxc3 {(00:47)} 6.
dxc3 {(00:00)} Be7 {(00:09)} 7. Bf4 {(00:04)} Nc6 {
(01:37)} 8. Qd2 {(00:39)} Be6 {(04:00)} 9. Ng5 {(
01:23)} Bxg5 {(09:50)} 10. Bxg5 {(00:17)} f6 {(00:03)} 11.
Be3 {(02:14)} Qd7 {(00:08)} 12. O-O-O {(02:12)} O-O-O {
(00:49)} 13. Be2 {(02:42)} Rhe8 {(01:10)} 14. b3 {(
01:22)} Bg4 {(01:45)} 15. f3 {(06:59)} Qe6 {(07:43)} 16.
fxg4 {(04:31)} Qxe3 {(00:12)} 17. Bd3 {(02:59)} h6 {
(04:06)} 18. Rde1 {(05:09)} Qxd2+ {(03:26)} 19. Kxd2 {
(00:38)} Ne5 {(00:04)} 20. Re3 {(02:06)} c6 {(06:
51)} 21. Rhe1 {(00:36)} Kc7 {(02:48)} 22. a4 {(01:49)} a5
{(07:25)} 23. h4 {(14:24)} Rh8 {(11:57)} 24. Rg3 {(
09:47)} Rdf8 {(06:32)} 25. Rf1 {(06:28)} Rf7 {(06:47)} 26.
Be2 {(11:43)} d5 {(12:23)} 27. Re1 {(10:36)} Kd6 {(
00:30)} 28. g5 {(01:32)} hxg5 {(01:45)} 29. hxg5 {(00:02)}
f5 {(00:58)} 30. Re3 {(05:07)} Re7 {(04:42)} 31. Rh3 {
(01:38)} Rhe8 {(06:01)} 32. Rf1 {(00:21)} g6 {(00:
27)} 33. Rh6 {(00:31)} Re6 {(00:14)} 34. Rh7 {(00:30)}
R8e7 {(00:33)} 35. Rxe7 {(00:39)} Rxe7 {(00:15)} 36. Bd3 {
(00:47)} Rh7 {(00:19)} 37. Ke3 {(03:33)} Rh5 {(00:
36)} 38. Be2 {(02:44)} Rxg5 {(01:15)} 39. Kf2 {(00:04)}
Ng4+ {(00:34)} 40. Bxg4 {(00:00)} Rxg4 {(00:00)} 41. Rh1 {
(01:33)} Kc5 {(12:57)} 42. Rh7 {(03:17)} b6 {(01:
06)} 43. Rb7 {(09:35)} Rf4+ {(04:41)} 44. Ke3 {(00:41)}
Re4+ {(00:06)} 45. Kf3 {(00:52)} Re1 {(03:13)} 46. b4+ {
(05:00)} axb4 {(00:13)} 47. cxb4+ {(00:03)} Kxb4 {(
00:06)} 48. Rxb6+ {(00:03)} Kc5 {(00:33)} 49. Rb7 {(00:42]
} Ra1 {(03:50)} 50. Rg7 {(00:10)} Rxa4 {(02:28)} 51. Rxg6
{(00:05)} Rc4 {(00:11)} 52. Rg5 {(00:32)} Rc3+ {(
00:25)} 53. Kf4 {(00:05)} Rxc2 {(00:07)} 54. Kxf5 {(00:03]
} Re2 {(02:05)} 55. g4 {(03:16)} d4 {(01:04)} 56. Rg8 {
(06:25)} d3 {(02:27)} 57. Rd8 {(00:11)} Kc4 {(00:
09)} 58. g5 {(02:04)} c5 {(00:08)} 59. g6 {(02:37)} Rg2 {
(00:14)} 60. Rd7 {(00:57)} Kc3 {(01:17)} 61. g7 {(
02:58)} c4 {(00:29)} 62. Kf4 {(03:00)} d2 {(01:16)} 63.
Ke3 {(00:08)} Rxg7 {(00:31] Kd4+} 0-1